 Dungeon Crawl Stone Soup version 0.25-a0-489-g9ae84a01e3 (webtiles) character file.

Game seed: 12031777367701471379, levelgen mode: deterministic

101 Forecaster the Magician (level 4, -11/36 HPs)
             Began as a Naga Wizard on Feb 11, 2020.
             Killed by divine providence
             ... invoked by an orc priest
              (15 damage)
             ... on level 3 of the Dungeon.
             The game lasted 00:29:41 (1927 turns).

Forecaster the Magician (Naga Wizard)               Turns: 1927, Time: 00:29:42

Health: -11/36     AC:  3    Str: 10    XL:     4   Next: 75%
Magic:  4/10       EV: 10    Int: 19    God:
Gold:   108        SH:  0    Dex:  9    Spells: 6/11 levels left

rFire    . . .     SeeInvis +   k - +1 short sword
rCold    . . .     Gourm    .   (no shield)
rNeg     . . .     Faith    .   a - +0 robe
rPois    +         Spirit   .   b - +0 hat
rElec    .         Reflect  .   r - +0 cloak
rCorr    .         Harm     .   (no gloves)
MR       .....                  (no barding)
Stlth    ++........             (no amulet)
HPRegen  0.12/turn              (no ring)
MPRegen  0.12/turn              (no ring)

@: very slow
A: large, see invisible, deformed body, poison resistance, slowness 2, slow
metabolism 1, spit poison 1, AC +1
a: Spit Poison


You were on level 3 of the Dungeon.
You were not hungry.

You visited 1 branch of the dungeon, and saw 3 of its levels.

You collected 108 gold pieces.

Inventory:

Hand Weapons
 c - a +0 dagger
 h - a +0 short sword
 k - a +1 short sword (weapon)
 q - a +0 short sword
 v - a +0 whip
 x - a +0 dagger
 z - a +0 war axe
 B - a +0 hand axe
 C - a +0 war axe
Missiles
 f - 113 stones (quivered)
 o - 19 bolts
 p - 17 sling bullets
Armour
 a - a +0 robe (worn)
 b - a +0 hat (worn)
 g - a +0 leather armour
 j - a +0 scale mail
 l - a +0 helmet
 r - a +0 cloak (worn)
 u - a +0 leather armour
 w - a +0 leather armour
 y - a +0 leather armour
 D - a +0 ring mail
Jewellery
 A - a -2 ring of protection {Cursed}
Scrolls
 e - 2 scrolls of fear
 i - 2 scrolls of identify
 m - a scroll of remove curse
 n - 3 scrolls of enchant weapon
Potions
 s - 2 potions of curing
 E - a potion of ambrosia {unknown}
Comestibles
 d - 2 rations
 t - 3 chunks of flesh


   Skills:
 + Level 0.2 Fighting
 + Level 0.3 Short Blades
 + Level 2.0 Dodging
 + Level 3.4 Stealth
 + Level 0.3 Unarmed Combat
 + Level 4.1 Spellcasting
 + Level 1.3 Conjurations
 + Level 0.2 Hexes
 + Level 1.8 Summonings
   Level 1.0 Translocations


You had 6 spell levels left.
You knew the following spells:

 Your Spells              Type           Power        Failure   Level  Hunger
a - Magic Dart            Conj           #...         8%          1    None
b - Call Imp              Summ           ##......     10%         2    ##.....
c - Slow                  Hex            #.......     19%         2    ##.....

Your spell library contained the following spells:

 Spells                   Type           Power        Failure   Level  Hunger
 Blink                    Tloc           N/A          14%         2    ##.....
 Conjure Flame            Conj/Fire      #.......     30%         3    ###....
 Mephitic Cloud           Conj/Pois/Air  #.......     34%         3    ###....


Dungeon Overview and Level Annotations

Branches:
Dungeon (3/15)

Altars:
Dithmenos
Elyvilon
Kikubaaqudgha
Xom


Innate Abilities, Weirdness & Mutations

You cannot wear boots.
Your serpentine skin is tough. (AC +1)
You have supernaturally acute eyesight. (SInv)
Armour fits poorly on your strangely shaped body.
Your system is resistant to poisons. (rPois)
You cover ground very slowly.
You have a slow metabolism.
You can spit poison.


Message History

Things that are here:
a +0 short sword; an orc corpse; a frilled lizard corpse Butcher an orc corpse? [(y)es/(n)o/(a)ll/(q)uit/?]
You butcher the orc corpse.
Your iron imp hits the orc but does no damage.
Your shadow imp closely misses the orc.
The orc closely misses your shadow imp.
You butcher the frilled lizard corpse.
Your shadow imp hits the orc.
The orc dies!
The orc priest invokes the aid of Beogh against you.
Beogh smites you!
* * * LOW HITPOINT WARNING * * *
The crimson imp blinks!
Items here: %% ) ÷÷ a +0 short sword; 3 chunks of flesh; an orc skeleton; a chunk of flesh a frilled lizard skeleton
As you read the scroll of identify, it crumbles to dust.
s - 2 potions of curing The orc priest calls down the wrath of Beogh upon you.
Beogh smites you!
You die...

..... #.... ..> #.... ...
#.... .o. ##... #§# . .#
#..# ##5###.###..## #..#
#)5.##..##...###...
#...###.##...#...#
#.@.##...........##
#............##...#
#...##.............
#...##......###..##
#..................
#######.<..............#.
#.......####.............
######### #.........#...
#......#.###..


You could see an orc priest, a friendly iron imp and a friendly shadow imp.

Vanquished Creatures
  2 adders
  An orc (D:3)
  A ball python (D:1)
  9 bats
  5 giant cockroaches
  2 goblins
  A hobgoblin (D:1)
  3 jackals
  5 frilled lizards
  A kobold (D:2)
  9 rats
39 creatures vanquished.

Vanquished Creatures (collateral kills)
  An orc priest (D:3)
  2 adders (D:2)
  8 orcs (D:3)
  A giant cockroach (D:2)
  A hobgoblin (D:2)
  5 jackals (D:2)
  A quokka (D:2)
  A bat (D:2)
  A kobold (D:2)
21 creatures vanquished.

Grand Total: 60 creatures vanquished

Notes
Turn   | Place    | Note
-------+----------+-------------------------------------------
     0 | D:1      | Forecaster the Naga Wizard began the quest for the Orb.
     0 | D:1      | Reached XP level 1. HP: 15/15 MP: 4/4
   189 | D:1      | Reached XP level 2. HP: 18/22 MP: 0/6
   610 | D:2      | Learned a level 2 spell: Call Imp
   731 | D:2      | Found an ancient bone altar of Kikubaaqudgha.
   731 | D:2      | Found a shadowy altar of Dithmenos.
   742 | D:2      | Found a shimmering altar of Xom.
   744 | D:2      | Found a faded altar of an unknown god.
   745 | D:2      | Found a white marble altar of Elyvilon.
   857 | D:2      | Reached XP level 3. HP: 13/28 MP: 4/8
  1449 | D:3      | Learned a level 2 spell: Slow
  1666 | D:3      | Reached XP level 4. HP: 30/36 MP: 3/9
  1695 | D:3      | Reached skill level 4 in Spellcasting
  1927 | D:3      | Killed from afar by an orc priest

Levels and vault maps discovered:
D:1:      wander_arrival_fairy_ring, layout_basic
D:2:      layout_basic, chequers_temple_overflow_minitemple, first_ration
D:3:      layout_rooms

Skill      XL: |  1  2  3  4 |
---------------+-------------+-----
Spellcasting   | 4 |  4.1
Dodging        | 2 |  2.0
Fighting       | |  0.2
Short Blades   | |  0.3
Stealth        | |  3.4
Unarmed Combat | |  0.3
Conjurations   | |  1.3
Hexes          | |  0.2
Summonings     | |  1.8
Translocations | |  1.0

Action                   |  1- 3 |  4- 6 || total
-------------------------+-------+-------++-------
Melee: Unarmed           |    23 |       ||    23
       Short sword       |    61 |    19 ||    80
 Cast: Magic Dart        |    62 |    19 ||    81
       Call Imp          |     9 |     5 ||    14
       Slow              |     1 |       ||     1
 Abil: Spit Poison       |     1 |       ||     1
  Use: Potion            |     2 |       ||     2
       Scroll            |       |     5 ||     5
  Eat: Ration            |     1 |       ||     1
Armor: Robe              |    22 |     7 ||    29
Dodge: Dodged            |    49 |    13 ||    62

Table legend:
 A = Non-vault XP
 B = Vault XP
 C = Vault XP percentage of total XP
 D = Non-vault monster count
 E = Vault monster count
 F = Vault count percentage of total count
                 A         B        C        D         E       F
            +---------+---------+-------+---------+---------+-------
      Total |     145 |       0 |   0.0 |      60 |       0 |   0.0
            +---------+---------+-------+---------+---------+-------
        D:1 |      18 |       0 |   0.0 |      11 |       0 |   0.0
        D:2 |      56 |       0 |   0.0 |      24 |       0 |   0.0
        D:3 |      71 |       0 |   0.0 |      25 |       0 |   0.0
            +---------+---------+-------+---------+---------+-------
